 Seeded DCSS version 0.28.0-45-g0d030f2227 (webtiles) character file.

Game seed: 11774175786726608840 (custom seed)

42 NinjaNoafa the Ruffian (level 3, -2/29 HPs)
             Began as a Draconian Transmuter on Apr 18, 2022.
             Slain by Sigmund
             ... wielding a +0 scythe
              (4 damage)
             ... on level 2 of the Dungeon.
             The game lasted 00:01:57 (1638 turns).

NinjaNoafa the Ruffian (Draconian Transmuter)       Turns: 1638, Time: 00:01:58

Health: -2/29      AC:  5    Str: 12    XL:     3   Next: 35%
Magic:  3/6        EV: 12    Int: 15    God:
Gold:   22         SH:  0    Dex: 11    Spells: 5/6 levels left

rFire   . . .      SeeInvis .     - Unarmed
rCold   . . .      Faith    .   (no shield)
rNeg    . . .      Spirit   .   (armour unavailable)
rPois   .          Reflect  .   (helmet currently unavailable)
rElec   .          Harm     .   (no cloak)
rCorr   .          Rampage  .   (no gloves)
Will    .....                   (boots currently unavailable)
Stlth   +.........              (no amulet)
HPRegen 0.09/turn               (no ring)
MPRegen 0.10/turn               (no ring)

@: appendages, flying, very slightly contaminated
A: horns 2, talons 2, AC +5, unfitting armour, cold-blooded
a: End Transformation


You were on level 2 of the Dungeon.
You had temporarily grown beastly horns and talons.
You visited 1 branch of the dungeon, and saw 2 of its levels.

You collected 22 gold pieces.

Inventory:

Scrolls
 c - a scroll of enchant armour
 d - a scroll of vulnerability
Potions
 a - a potion of flight
 e - a potion of cancellation {unknown}


   Skills:
 + Level 1.8 Fighting
 + Level 2.2 Dodging
 + Level 3.3 Unarmed Combat
 + Level 2.3 Spellcasting
 + Level 2.3 Transmutations


You had 5 spell levels left.
You knew the following spells:

 Your Spells              Type           Power      Damage    Failure   Level
a - Beastly Appendage     Tmut           16%        N/A       9%          1

Your spell library contained the following spells:

 Spells                   Type           Power      Damage    Failure   Level
 Wereblood                Tmut           8%         N/A       12%         2
 Pain                     Necr           4%         1d4       22%         1
 Spider Form              Tmut/Pois      5%         N/A       36%         3
 Inner Flame              Hex/Fire       1%         N/A       54%         3
 Ice Form                 Ice/Tmut       5%         N/A       78%         4
 Cause Fear               Hex            0%         N/A       91%         4
 Agony                    Necr           1%         N/A       99%         5
 Excruciating Wounds      Necr           0%         N/A       99%         5
 Discord                  Hex            0%         N/A       100%        8


Dungeon Overview and Level Annotations

Branches:
Dungeon (2/15)

Altars:
Gozag

Shops:
D:1 =

Annotations:
D:2 Sigmund


Innate Abilities, Weirdness & Mutations

You have temporarily grown beastly horns and talons.
Your plain brown scales are hard. (AC +5)
You cannot fit into any form of body armour.
You are cold-blooded and may be slowed by cold attacks.


Message History

You feel very buoyant.
You fly up into the air.
Okay, then.
Found an opulent altar of Gozag.
Found 21 arrows.
Your horns disappear.
Your talons disappear.
A goblin comes into view. It is wielding a +0 dagger.
The goblin shouts!
Casting: Beastly Appendage (safe; 9% risk of failure)
Confirm with . or Enter, or press ? or * to list all spells.
You miscast Beastly Appendage.
You are very lightly contaminated with residual magic.
Nothing appears to happen.
Something hits you. The goblin closely misses you.
You are too injured to fight recklessly!
Casting: Beastly Appendage (safe; 9% risk of failure)
Confirm with . or Enter, or press ? or * to list all spells.
You miscast Beastly Appendage.
Nothing appears to happen.
The goblin misses you.
You hit the goblin. You tail-slap the goblin.
You kill the goblin!
Something hits you.
* * * LOW HITPOINT WARNING * * *
Casting: Beastly Appendage (safe; 9% risk of failure)
Confirm with . or Enter, or press ? or * to list all spells.
You grow a pair of large bovine horns.
Your feet morph into talons.
Sigmund appears from thin air!
Reactivating autopickup.
Sigmund barely misses you.
You barely miss Sigmund.
You tail-slap Sigmund, but do no damage.
Sigmund giggles. "Time to reap what you sow."
Sigmund gestures wildly while chanting.
Sigmund flickers and vanishes!
Deactivating autopickup; reactivate with Ctrl-A.
You hit something.
Your tail-slap misses something.
Something hits you.
* * * LOW HITPOINT WARNING * * *
Unknown command.
Something hits you.
You die...

................ ...
....####........ ....
....#...<....### ...
....#........# ..
....#..†.....# .#
....#........# ##.##
....#........###...###
....+..)......{......#
....#........###@....#
....#........# #.)...#
....#........# #.....#
#{###........# #........
#.# #........# #........
#.###........# .........
...(.................#8#
....#######..........###
...## #.._.(.


There were no monsters in sight!

Vanquished Creatures
  A worm (D:1)
  4 bats (D:1)
  3 endoplasms (D:1)
  4 giant cockroaches (D:1)
  3 goblins
  5 hobgoblins
  2 jackals (D:1)
  2 quokkas (D:1)
  2 ball pythons (D:1)
  3 frilled lizards
  A kobold (D:1)
  5 rats
35 creatures vanquished.

Notes
Turn   | Place    | Note
-------+----------+-------------------------------------------
     0 | D:1      | NinjaNoafa the Draconian Transmuter began the quest for the
                  | Orb.
     0 | D:1      | Reached XP level 1. HP: 16/16 MP: 3/3
   272 | D:1      | Reached XP level 2. HP: 19/23 MP: 3/5
   841 | D:1      | Reached XP level 3. HP: 29/29 MP: 4/6
   883 | D:1      | Found Xicudesa's One-of-a-Kind Rings.
   959 | D:1      | Found a faded altar of an unknown god.
  1594 | D:2      | Noticed Sigmund
  1620 | D:2      | Found an opulent altar of Gozag.
  1638 | D:2      | Slain by Sigmund

Illustrated notes

Levels and vault maps discovered:
D:1:      dpeg_arrival_brainrot, layout_loops_ring,
          nicolae_ecumenical_lake_church, minivault_14, minmay_misc_feat_square,
          solitary_fountain, nicolae_shop_unique_rings, minmay_domino_2
D:2:      layout_basic, basic_altar, serial_corexii_hall,
          chequers_hall_statues_y, chequers_hall_statues_y, uniq_sigmund,
          uniq_natasha

Skill      XL: |  1  2 |
---------------+-------+-----
Dodging        | 2 |  2.2
Fighting       | |  1.8
Unarmed Combat | |  3.3
Spellcasting   | |  2.3
Transmutations | |  2.3

Action                   || total
-------------------------++-------
Melee: Unarmed           ||    87
       Tailslap          ||     9
       Headbutt          ||     6
       Kick              ||    15
       Punch             ||     1
 Cast: Beastly Appendage ||    20
  Use: Scroll            ||     2
       Potion            ||     1
Armor: Skin              ||    26
Dodge: Dodged            ||    58
